 Dungeon Crawl Stone Soup version 0.28-a0-410-gbef64dd269 (webtiles) character file.

Game seed: 17652641581164522969

640 ytrimaz the Insei (level 7, -3/69 HPs)
             Began as an Octopode Transmuter on Sept 6, 2021.
             Slain by a goblin (7 damage)
             ... led by Robin
             ... on level 4 of the Dungeon.
             The game lasted 00:07:10 (4421 turns).

ytrimaz the Insei (Octopode Transmuter)             Turns: 4421, Time: 00:07:10

Health: -3/69      AC:  1    Str: 19    XL:     7   Next: 51%
Magic:  10/11      EV: 13    Int: 16    God:
Gold:   120        SH:  5    Dex: 12    Spells: 6/12 levels left

rFire   + . .      SeeInvis +     - Unarmed
rCold   + . .      Faith    .   (no shield)
rNeg    . . .      Spirit   .   (helmet restricted)
rPois   .          Reflect  +   c - amulet of reflection
rElec   .          Harm     .   b - ring of Hospitality {Contam rF+ rC+ rCorr Str+8}
rCorr   +          Rampage  .   (no ring)
Will    .....                   (no ring)
Stlth   ..........              (no ring)
HPRegen 0.21/turn               (no ring)
MPRegen 0.12/turn               (no ring)
                                (no ring)
                                (no ring)

@: berserking, very quick
A: almost no armour, amphibious, 8 rings, camouflage 1, gelatinous body 1,
(nimble swimmer 1), tentacles, see invisible, no potion heal 1, MP-powered wands
a: no special abilities


You were on level 4 of the Dungeon.
You visited 1 branch of the dungeon, and saw 4 of its levels.

You collected 120 gold pieces.

Inventory:

Jewellery
 b - the ring of Hospitality (left tentacle) {Contam rF+ rC+ rCorr Str+8}
   (You acquired it on level 1 of the Dungeon)

   [ring of protection from cold]

   Str:       It affects your strength (+8).
   rF:        It protects you from fire.
   rC:        It protects you from cold.
   Contam:    It causes magical contamination when unequipped.
   rCorr:     It protects you from acid and corrosion.
 c - an amulet of reflection (around mantle)
Potions
 a - a potion of mutation
 e - a potion of curing


   Skills:
 * Level 3.5 Fighting
 - Level 2.0 Dodging
 - Level 0.2 Shields
 + Level 6.6 Unarmed Combat
 + Level 3.1 Spellcasting
 + Level 3.1 Transmutations


You had 6 spell levels left.
You knew the following spells:

 Your Spells              Type           Power      Damage    Failure   Level
a - Beastly Appendage     Tmut           24%        N/A       4%          1
b - Spider Form           Tmut/Pois      3%         N/A       28%         3
c - Wereblood             Tmut           12%        N/A       8%          2

Your spell library contained the following spells:

 Spells                   Type           Power      Damage    Failure   Level
 Ice Form                 Ice/Tmut       7%         N/A       67%         4


Dungeon Overview and Level Annotations

Branches:
Dungeon (4/15)
 Temple: D:4-7

Altars:
Elyvilon
Hepliaklqana
Kikubaaqudgha
Ru

Shops:
D:3 [

Annotations:
D:4 Robin


Innate Abilities, Weirdness & Mutations

You cannot wear most types of armour.
You are amphibious.
You can wear up to eight rings at the same time.
Your skin changes colour to match your surroundings (Stealth+).
Your rubbery body absorbs attacks. (AC +1, EV +1)
((You are camouflaged near water. (Stealth+)))
You have tentacles for arms and can constrict up to eight enemies at once.
You have supernaturally acute eyesight. (SInv)
Potions are less effective at restoring your health.
You expend magic power (3 MP) to strengthen your wands.


Message History

You aren't carrying any scrolls.
Unknown command.
You aren't carrying any scrolls.
It was a potion of mutation.
You feel extremely strange.
Your system partially rejects the healing effects of potions.
Your vision sharpens.
You feel your magical essence link to the dungeon's wands.
The goblin hits the plant with a +0 club.
The plant begins to die.
The goblin hits you with a +0 dagger.
It was a potion of curing.
Your system partially rejects the healing.
You feel better.
A nearby plant withers and dies.
The goblin hits you with a +0 club.
* * * LOW HITPOINT WARNING * * *
The goblin hits you with a +0 dagger.
* * * LOW HITPOINT WARNING * * *
A goblin comes into view. It is wielding a +0 club.
The hobgoblin closely misses you.
It was a potion of cancellation.
You feel magically purged. The goblin hits you with a +0 club.
* * * LOW HITPOINT WARNING * * *
The goblin closely misses you. You block the goblin's attack.
The hobgoblin closely misses you.
Unknown command.
It was a potion of berserk rage.
A red film seems to cover your vision as you go berserk!
You feel yourself moving faster!
You feel mighty! The goblin hits you with a +0 club.
* * * LOW HITPOINT WARNING * * *
A goblin comes into view. It is wielding a +0 dagger.
The goblin hits the plant with a +0 club.
The goblin barely misses you.
The goblin hits the plant with a +0 club.
The goblin closely misses you. You block the goblin's attack.
You barely miss the goblin. You grab the goblin. You constrict the goblin.
A nearby plant withers and dies. x2; The goblin misses you.
You bludgeon the goblin!
You kill the goblin!
The goblin hits you with a +0 club!
You die... ≈≈###########.####........#.#,*** ###..............(...#+##...#,,,, .........P.P.P.P.....#.....###### ...........g.....P...####..#..... ####'###.PgP.....P...# #..#.#... **...# #...P._.......# #..#.#.#. gggg##

#.P....g..P.#.# #..#.#.#. .g..*
#.P....gggP.#.####..#.#.#. ###.*
#.P.PPggg@..#.#.....#.#... ,*#.*
#.......g)..#.#.##....##.. ,+..*
##.#.......##.#.########.. ,****
#...<.....##.#.......##..
********###........#.......[.....
***,,,,,,*#........#.##...#<.###.
*,+,,,,,,*########...##...#......
*,*,,,,,,* #####.........#.####
*,*,,,,,,* #......>#.......####


You could see Robin, a hobgoblin (strong) and 8 goblins.

Vanquished Creatures
  Sigmund (D:2)
  Menkaure (D:4)
  2 ogres (D:4)
  An iguana (D:4)
  Natasha (D:4)
  5 adders
  An ufetubus (D:4)
  3 worms
  4 dart slugs
  5 bats
  7 endoplasms
  2 giant cockroaches
  7 goblins
  8 hobgoblins
  5 jackals (D:1)
  5 quokkas
  5 ball pythons
  7 frilled lizards
  5 kobolds
  5 rats
80 creatures vanquished.

Vanquished Creatures (others)
  A quokka (D:3)
  22 plants
23 creatures vanquished.

Grand Total: 103 creatures vanquished

Notes
Turn   | Place    | Note
-------+----------+-------------------------------------------
     0 | D:1      | ytrimaz the Octopode Transmuter began the quest for the
                  | Orb.
     0 | D:1      | Reached XP level 1. HP: 13/13 MP: 3/3
   221 | D:1      | Reached XP level 2. HP: 13/18 MP: 3/5
   721 | D:1      | Reached XP level 3. HP: 22/23 MP: 6/6
  1441 | D:1      | Identified a scroll of acquirement
  1441 | D:1      | Acquired the ring of Hospitality {Contam rF+ rC+ rCorr
                  | Str+8}
  1790 | D:2      | Noticed Sigmund
  2041 | D:2      | Learned a level 3 spell: Spider Form
  2077 | D:2      | Killed Sigmund
  2078 | D:2      | Reached skill level 5 in Unarmed Combat
  2078 | D:2      | Reached XP level 4. HP: 5/30 MP: 5/8
  2078 | D:2      | Reached XP level 5. HP: 6/35 MP: 5/9
  2768 | D:3      | Learned a level 2 spell: Wereblood
  2795 | D:3      | Reached XP level 6. HP: 41/41 MP: 10/10
  2799 | D:3      | Found a hazy altar of Hepliaklqana.
  2871 | D:3      | Found Xeoshrar's Antique Armour Emporium.
  2915 | D:3      | Found an ancient bone altar of Kikubaaqudgha.
  3100 | D:3      | Found a white marble altar of Elyvilon.
  3145 | D:3      | Found a faded altar of an unknown god.
  3822 | D:4      | Found a sacrificial altar of Ru.
  4109 | D:4      | Reached skill level 6 in Unarmed Combat
  4109 | D:4      | Reached XP level 7. HP: 39/46 MP: 5/11
  4204 | D:4      | Noticed Natasha
  4207 | D:4      | Killed Natasha
  4248 | D:4      | Noticed Menkaure
  4256 | D:4      | Killed Menkaure
  4399 | D:4      | Noticed Robin
  4416 | D:4      | Gained mutation: Potions are less effective at restoring
                  | your health. [potion of mutation]
  4416 | D:4      | Gained mutation: You have supernaturally acute eyesight.
                  | (SInv) [potion of mutation]
  4416 | D:4      | Gained mutation: You expend magic power (3 MP) to
                  | strengthen your wands. [potion of mutation]
  4421 | D:4      | Slain by a goblin

Illustrated notes

Levels and vault maps discovered:
D:1:      dpeg_arrival_round_b, layout_basic, st_stairs_5
D:2:      minmay_evil_eye, layout_loops_ring, uniq_sigmund
D:3:      layout_loops_cross, marbit_many_paths, lemuel_round_altar,
          elyvilon_altar_4, serial_bayou, serial_bayou_pond_d,
          serial_bayou_lagoon_a, serial_bayou_pond_b, serial_bayou_pond_b,
          serial_shops, nicolae_shop_window_shopping,
          ebering_ecumenical_altar_hall, chequers_serial_rivers_small_3
D:4:      layout_basic, mainiacjoe_overflow_cross_hatched,
          hangedman_decor_growths, kennysheep_minor_cross, uniq_menkaure,
          uniq_robin, uniq_natasha

Skill      XL: |  1  2  3  4  5  6 |
---------------+-------------------+-----
Fighting       | 2 3 |  3.5
Unarmed Combat | 5 6 |  6.6
Spellcasting   | 3 |  3.1
Transmutations | 3 |  3.1
Dodging        | |  2.0
Shields        | |  0.2

Action                   |  1- 3 |  4- 6 |  7- 9 || total
-------------------------+-------+-------+-------++-------
Melee: Unarmed           |    82 |    78 |    14 ||   174
       Constrict         |    19 |    19 |     4 ||    42
       Tentacles         |     9 |    11 |     2 ||    22
       Kick              |     3 |     4 |       ||     7
       Punch             |     2 |     5 |       ||     7
 Cast: Beastly Appendage |     5 |     2 |       ||     7
       Spider Form       |     1 |     3 |     2 ||     6
  Use: Scroll            |     4 |     4 |       ||     8
       Potion            |     3 |     1 |     4 ||     8
 Stab: Sleeping          |     5 |     4 |       ||     9
Armor: Skin              |     5 |     3 |     1 ||     9
Dodge: Dodged            |    50 |    54 |    11 ||   115
Block: Other             |       |    14 |     6 ||    20

Table legend: (Time is in decaauts)
 A = Elapsed time spent in this place.
 B = Non-inter-level travel time spent in this place.
 C = Inter-level travel time spent in this place.
 D = Time resting spent in this place.
 E = Time spent auto-exploring this place.
 F = Levels seen in this place.
 G = Mean time per level.
                   A        B        C        D        E       F      G
               +--------+--------+--------+--------+--------+-----+--------+
         Total |   4404 |   4325 |     79 |   1101 |   2441 |   4 | 1101.0 |
       Dungeon |   4404 |   4325 |     79 |   1101 |   2441 |   4 | 1101.0 |
               +--------+--------+--------+--------+--------+-----+--------+

Top non-repeatable levels by time:
     D:1: 1492 daAuts
     D:2: 1235 daAuts
     D:4: 864 daAuts
     D:3: 813 daAuts
